 Dungeon Crawl Stone Soup version 0.18.1-6-gd335043 (webtiles) character file.

142 Implojin the Insei (level 5, -2/41 HPs)
             Began as a Mummy Monk on May 20, 2016.
             Slain by a giant gecko (5 damage)
             ... on level 2 of the Dungeon.
             The game lasted 00:07:08 (4272 turns).

Implojin the Insei (Mummy Monk)                     Turns: 4272, Time: 00:07:09

Health: -2/41      AC:  0    Str: 14    XL:     5   Next: 4%
Magic:  5/5        EV: 13    Int: 10    God:
Gold:   73         SH:  3    Dex: 15    Spells: 0 memorised, 4 levels left

rFire  x . .     SeeInvis .       - Unarmed
rCold  + . .     Gourm    .     (no armour)
rNeg   + + +     Faith    .     h - +0 buckler
rPois  ∞         Spirit   .     (no helmet)
rElec  .         Dismiss  .     (no cloak)
rCorr  .         Reflect  .     (no gloves)
SustAt .         Harm     .     (no boots)
MR     .....                    (no amulet)
Stlth  ++........               (no ring)
                                a - +1 ring of evasion

@: not resistant to hostile enchantments, unstealthy
A: no food or potions, fire vulnerability, cold resistance 1, negative energy
resistance 3, torment resistance, unbreathing
a: no special abilities


You were on level 2 of the Dungeon.
You were not hungry.

You visited 1 branch of the dungeon, and saw 3 of its levels.

You collected 73 gold pieces.

Inventory:

Armour
 h - a +0 buckler (worn)
 i - a +0 shield
Jewellery
 a - a +1 ring of evasion (left hand)
Scrolls
 b - a scroll of fear {unknown}
 d - a scroll of magic mapping {unknown}
 e - a scroll of noise {unknown}
 f - a scroll of remove curse {unknown}
 g - 3 scrolls of identify {unknown}
 j - a scroll of immolation {unknown}
Comestibles
 c - 4 bread rations (quivered)


   Skills:
 - Level 3.0 Fighting
 - Level 2.4 Dodging
 - Level 1.5 Stealth
 * Level 5.3 Unarmed Combat


You had 4 spell levels left.
You didn't know any spells.

Dungeon Overview and Level Annotations

Branches:
Dungeon (3/15)

Altars:

Annotations:
D:3 fish's ghost, amateur VSMo


Innate Abilities, Weirdness & Mutations

You do not eat or drink.
Your flesh is vulnerable to fire.
You are immune to poison.
Your flesh is cold resistant.
You are immune to negative energy.
You are immune to unholy pain and torment.
You can survive without breathing.


Message History

The orc is severely wounded.
The orc hits you with a whip!
* * * LOW HITPOINT WARNING * * *
You barely miss the orc.
The orc is severely wounded.
The orc hits you with a whip.
* * * LOW HITPOINT WARNING * * *
Things that are here:
a jackal skeleton x2
Things that are here:
a jackal skeleton x2
Fish's ghost (amateur Vine Stalker Monk) comes into view.
Fish's ghost turns its malevolent gaze towards you.
The orc jeers loudly, as Orcs often do.
There is a stone staircase leading up here.
The orc hits you with a whip.
* * * LOW HITPOINT WARNING * * *
You climb upwards.
There is a stone staircase leading down here.
Unknown command.
Unknown command.
Unknown command.
A giant gecko comes into view.
The giant gecko closely misses you. The giant gecko barely misses you.
The giant gecko bites you.
* * * LOW HITPOINT WARNING * * *
You see here a club.
You hit the giant gecko.
The giant gecko is almost dead.
The giant gecko bites you.
* * * LOW HITPOINT WARNING * * *
You closely miss the giant gecko.
The giant gecko is almost dead.
The giant gecko completely misses you.
You miss the giant gecko.
The giant gecko is almost dead.
The giant gecko hisses menacingly.
The giant gecko bites you.
You die...

###......## #........#
###...###### #........#
...........######........#
........##...............#
>........................##
...!.....................!#
.......######.o.........###
.#.....## ###..###.###.†#
#.......###...ol@.># #..#
#.............########..#
#=......###..........#..#
.......##............#..#
###........#.........#..#
######..<............#..#
.....................#.##
.....................#.#
..............########.#


You could see an orc and a giant gecko.

Vanquished Creatures
  6 adders (D:2)
  3 oozes
  2 dart slugs
  2 giant geckos
  4 giant cockroaches
  9 hobgoblins
  8 jackals
  2 quokkas (D:2)
  A ball python (D:3)
  12 bats
  6 giant newts
  5 goblins
  5 kobolds
  4 rats
69 creatures vanquished.

Notes
Turn   | Place    | Note
--------------------------------------------------------------
     0 | D:1      | Implojin the Mummy Monk began the quest for the Orb.
     0 | D:1      | Reached XP level 1. HP: 18/18 MP: 1/1
     8 | D:1      | Noticed an ogre
     8 | D:1      | Noticed a demonspawn
    10 | D:1      | Noticed a dwarf
    12 | D:1      | Noticed a merfolk
    14 | D:1      | Noticed a formicid
    14 | D:1      | Noticed a halfling
    16 | D:1      | Noticed a gargoyle
    16 | D:1      | Noticed a vampire
    18 | D:1      | Noticed a minotaur
    18 | D:1      | Noticed a ghoul
    20 | D:1      | Noticed a human
    22 | D:1      | Noticed a naga
    24 | D:1      | Noticed a tengu
    24 | D:1      | Noticed an octopode
    26 | D:1      | Noticed a felid
    26 | D:1      | Noticed a draconian
    28 | D:1      | Noticed a centaur
    28 | D:1      | Noticed an elf
    30 | D:1      | Noticed a vine stalker
    30 | D:1      | Noticed a spriggan
    32 | D:1      | Noticed a troll
    32 | D:1      | Noticed a demigod
   366 | D:1      | Reached XP level 2. HP: 10/24 MP: 2/2
   991 | D:1      | Reached skill level 4 in Unarmed Combat
  1105 | D:1      | Reached XP level 3. HP: 15/29 MP: 3/3
  2291 | D:2      | Reached XP level 4. HP: 6/35 MP: 4/4
  2992 | D:2      | Reached skill level 5 in Unarmed Combat
  3880 | D:3      | Reached XP level 5. HP: 35/41 MP: 5/5
  4231 | D:3      | Noticed fish's ghost (amateur VSMo)
  4272 | D:2      | Slain by a giant gecko

Skill      XL: |  1  2  3  4 |
---------------+-------------+-----
Unarmed Combat | 4 5 |  5.3
Fighting       | |  3.0
Dodging        | |  2.4
Stealth        | |  1.5

Action                   |  1- 3 |  4- 6 || total
-------------------------+-------+-------++-------
Melee: Unarmed           |   161 |   158 ||   319
       Punch             |     2 |     3 ||     5
 Stab: Sleeping          |     2 |       ||     2
Dodge: Dodged            |   103 |    89 ||   192
Block: Buckler           |       |     7 ||     7

Table legend:
 A = Turns spent in this place as a percentage of turns spent in the entire game.
 B = Non-inter-level travel turns spent in this place as a percentage of non-inter-level travel turns spent in the entire game.
 C = Inter-level travel turns spent in this place as a percentage of turns spent in this place.
 D = Turns resting spent in this place as a percentage of non-inter-level travel turns spent in this place.
 E = Turns spent auto-exploring this place as a percentage of non-inter-level travel turns spent in this place.
 F = Non-inter-level travel turns spent in this place divided by the number of levels of this place that you've seen.
                   A       B       C       D       E      F
               +-------+-------+-------+-------+-------+----------------------
         Total | 100.0 | 100.0 |   0.2 |   7.3 |   3.7 | 350.3
       Dungeon | 100.0 | 100.0 |   0.2 |   7.3 |   3.7 | 350.3
               +-------+-------+-------+-------+-------+----------------------

Table legend:
 A = Kills in this place as a percentage of kills in entire the game.
 B = Kills by you in this place as a percentage of kills by you in the entire game.
 C = Kills by friends in this place as a percentage of kills by friends in the entire game.
 D = Other kills in this place as a percentage of other kills in the entire game.
 E = Experience gained in this place as a percentage of experience gained in the entire game.
 F = Experience gained in this place divided by the number of levels of this place that you have seen.
                   A       B       C       D       E      F
               +-------+-------+-------+-------+-------+----------------------
         Total | 100.0 | 100.0 |  -nan |  -nan | 100.0 |  68.0
       Dungeon | 100.0 | 100.0 |  -nan |  -nan | 100.0 |  68.0
               +-------+-------+-------+-------+-------+----------------------
